 Dungeon Crawl Stone Soup version 0.27-a0-1273-gec92ba881d (webtiles) character file.

Game seed: 1104846999031255459

42 mordus the Poker (level 3, -3/27 (31) HPs)
             Began as a Draconian Monk on June 11, 2021.
             Killed by divine providence
             ... invoked by an orc priest
              (9 damage)
             ... on level 2 of the Dungeon.
             The game lasted 00:01:13 (1753 turns).

mordus the Poker (Draconian Monk)                   Turns: 1753, Time: 00:01:14

HP:   -3/27 (31)    AC:  5    Str: 14    XL:     3   Next: 35%
MP:   3/3           EV: 13    Int: 10    God:
Gold: 20            SH:  0    Dex: 13    Spells: 2/2 levels left

rFire    . . .     SeeInvis .   h - +0 halberd
rCold    . . .     Faith    .   (shield currently unavailable)
rNeg     . . .     Spirit   .   (armour unavailable)
rPois    .         Reflect  .   (helmet restricted)
rElec    .         Harm     .   (no cloak)
rCorr    .         Rampage  .   (no gloves)
Will     .....                  (no boots)
Stlth    ++........             (no amulet)
HPRegen  0.09/turn              (no ring)
MPRegen  0.08/turn              (no ring)

@: heavily drained
A: AC +5, unfitting armour, cold-blooded
a: no special abilities


You were on level 2 of the Dungeon.
You visited 1 branch of the dungeon, and saw 2 of its levels.

You collected 20 gold pieces.

Inventory:

Hand Weapons
 a - a +0 spear
 h - a +0 halberd (weapon)
Jewellery
 e - an amulet of reflection
Scrolls
 d - a scroll of identify {unknown}
 f - a scroll of noise {unknown}
 g - a scroll of teleportation {unknown}
Potions
 b - 3 potions of haste {unknown}
 c - 2 potions of curing {unknown}


   Skills:
 - Level 3.2 Fighting
 * Level 4.0 Polearms
 + Level 3.1 Dodging
 - Level 1.7 Stealth


You had 2 spell levels left.
You didn't know any spells.
Your spell library was empty.

Dungeon Overview and Level Annotations

Branches:
Dungeon (2/15)

Altars:


Innate Abilities, Weirdness & Mutations

Your plain brown scales are hard. (AC +5)
You cannot fit into any form of body armour.
You are cold-blooded and may be slowed by cold attacks.


Message History

The goblin goes into a battle-frenzy!
You hear a shout!
You hit the goblin.
The goblin is heavily wounded.
You hear a shout! x2
The goblin barely misses you.
You hear a shout! x2
You puncture the goblin!
You kill the goblin!
A goblin comes into view. It is wielding a +0 club.
Robin says, "Bow before me, strongest of all the hobgoblins!"
You closely miss Robin.
Robin roars a battlecry!
The goblin goes into a battle-frenzy!
You slash Robin! You tail-slap Robin, but do no damage.
Robin is severely wounded.
Robin hits you with a +0 club.
You barely miss Robin.
Your tail-slap misses Robin.
Robin is severely wounded.
Robin throws the goblin at you!
An orc priest comes into view. It is wielding a +0 dagger.
The goblin hits you with a +0 club.
You slash Robin!
You kill Robin!
The goblin barely misses you.
Your Polearms skill increases to level 4!
Items here: ( )))) [[ †††.
A goblin comes into view. It is wielding a +0 club.
The orc priest hits you with a +0 dagger.
Items here: )) ††.
You barely miss the orc priest.
Your tail-slap misses the orc priest.
The orc priest hits you with a +0 dagger.
The goblin hits you with a +0 club.
* * * LOW HITPOINT WARNING * * *
You puncture the orc priest!
The orc priest is almost dead.
You hear a shout!
The orc priest invokes the aid of Beogh against you.
Beogh smites you!
You die...

#.. #.# #.#
#.# #.# #.#
#.# #g# ..
#@#####b..#
#o#.gg.g...
#g#)#.g....
########...#
#g..#
#..........#
o..
#.######...#
g
#.#<...#...#
#.####.#...#
#.####.#...#


You could see an orc priest and 2 goblins.

Vanquished Creatures
  Robin (D:2)
  A worm (D:2)
  A dart slug (D:1)
  An orc (D:2)
  An endoplasm (D:1)
  A giant cockroach (D:2)
  6 goblins
  3 quokkas (D:1)
  A ball python (D:1)
  4 bats
  4 kobolds
  2 rats (D:1)
26 creatures vanquished.

Notes
Turn   | Place    | Note
-------+----------+-------------------------------------------
     0 | D:1      | mordus the Draconian Monk began the quest for the Orb.
     0 | D:1      | Reached XP level 1. HP: 19/19 MP: 1/1
     4 | D:1      | Noticed a minotaur
     6 | D:1      | Noticed an octopode
     9 | D:1      | Noticed a vine stalker
    11 | D:1      | Noticed a spriggan
    15 | D:1      | Noticed a felid
    15 | D:1      | Noticed a centaur
    17 | D:1      | Noticed a minotaur
    21 | D:1      | Noticed a human
   281 | D:1      | Reached XP level 2. HP: 18/26 MP: 2/2
  1721 | D:2      | Noticed Robin
  1742 | D:2      | Reached XP level 3. HP: 18/26 MP: 3/3
  1749 | D:2      | Killed Robin
  1750 | D:2      | Reached skill level 4 in Polearms
  1753 | D:2      | Killed from afar by an orc priest

Illustrated notes

Levels and vault maps discovered:
D:1:      shiori_arrival_whats_in_store_for_you, layout_loops_corners,
          chequers_decorated_corner, minmay_door_square
D:2:      cheibrodos_pilgrimage, layout_basic, minmay_tree_intersection,
          kennysheep_cross_bottleneck, uniq_robin

Skill      XL: |  1  2  3 |
---------------+----------+-----
Dodging        | 3 |  3.1
Polearms       | 4 |  4.0
Fighting       | |  3.2
Stealth        | |  1.7

Action                   || total
-------------------------++-------
Melee: Spear             ||    69
       Tailslap          ||     7
       Halberd           ||    24
 Stab: Sleeping          ||     3
Armor: Skin              ||    21
Dodge: Dodged            ||    33

Table legend: (Time is in decaauts)
 A = Elapsed time spent in this place.
 B = Non-inter-level travel time spent in this place.
 C = Inter-level travel time spent in this place.
 D = Time resting spent in this place.
 E = Time spent auto-exploring this place.
 F = Levels seen in this place.
 G = Mean time per level.
                   A        B        C        D        E       F      G
               +--------+--------+--------+--------+--------+-----+--------+
         Total |   1755 |   1652 |    103 |    387 |   1092 |   2 |  877.5 |
       Dungeon |   1755 |   1652 |    103 |    387 |   1092 |   2 |  877.5 |
               +--------+--------+--------+--------+--------+-----+--------+

Top non-repeatable levels by time:
     D:1: 1460 daAuts
     D:2: 295 daAuts
